 Dungeon Crawl Stone Soup version 0.18.1-8-gdd0e5ea (webtiles) character file.

947 taran the Spear-Bearer (level 7, -1/82 HPs)
             Began as a Centaur Skald on June 7, 2016.
             Was a Follower of Ashenzari.
             Slain by a centaur (3 damage)
             ... on level 6 of the Dungeon.
             The game lasted 00:55:44 (7682 turns).

taran the Spear-Bearer (Centaur Skald)              Turns: 7682, Time: 00:55:44

Health: -1/82      AC: 23    Str: 16    XL:     7   Next: 89%
Magic:  9/9        EV:  1    Int: 11    God:    Ashenzari [*.....]
Gold:   117        SH:  4    Dex:  9    Spells: 1 memorised, 8 levels left

rFire  + . .     SeeInvis .     a - +0 spear (curse)
rCold  . . .     Gourm    .     (armour currently unavailable)
rNeg   + + +     Faith    .     q - +2 buckler (curse)
rPois  +         Spirit   .     (helmet currently unavailable)
rElec  .         Dismiss  .     (cloak currently unavailable)
rCorr  .         Reflect  .     (gloves currently unavailable)
SustAt .         Harm     .     (no barding)
MR     .....     NoTele   +     (no amulet)
Stlth  +.........               (no ring)
                                o - ring of protection from fire (curse)

@: tree-form, very slightly contaminated, invisible, not resistant to hostile
enchantments, very unstealthy
A: (hooves 0), (deformed body), (speed 0), (tough skin 0)
a: Curse Item, Scrying, Renounce Religion


You were on level 6 of the Dungeon.
You worshipped Ashenzari.
Ashenzari was aware of your devotion.
You were hungry.
You were a tree.
You visited 1 branch of the dungeon, and saw 7 of its levels.

You collected 297 gold pieces.
You spent 180 gold pieces at shops.

Inventory:

Hand Weapons
 a - a cursed +0 spear (weapon)
 i - a +0 trident
 p - a +0 spear
 v - a +4 quarterstaff
Missiles
 e - 58 stones (quivered)
 l - 5 needles of paralysis
 u - 2 tomahawks
Armour
 n - a cursed +3 leather armour (melded)
 q - a cursed +2 buckler (worn)
 s - a cursed +2 cloak (melded)
Jewellery
 o - a cursed ring of protection from fire (left branch)
 E - an uncursed ring of ice
Scrolls
 k - a scroll of magic mapping {unknown}
 r - a scroll of blinking {unknown}
 t - a scroll of recharging {unknown}
 x - a scroll of amnesia {unknown}
 y - a scroll of fog {unknown}
 C - a scroll of fear {unknown}
 F - 2 scrolls of identify
Potions
 f - a potion of lignification
 g - a potion of cure mutation
 w - a potion of flight {unknown}
 z - a potion of curing {unknown}
 A - a potion of mutation {unknown}
 B - a potion of haste
Books
 c - a book of Battle

   Spells                             Type                      Level
   a - Infusion                       Charms                       1
   b - Shroud of Golubria             Charms/Translocation         2
   c - Song of Slaying                Charms                       2
   d - Spectral Weapon                Hexes/Charms                 3
   e - Regeneration                   Charms/Necromancy            3
Comestibles
 b - a beef jerky
 d - 4 bread rations
 j - 2 meat rations
 m - 10 fruits


   Skills:
 - Level 2.0 Fighting
 + Level 8.5 Polearms
 - Level 0.6 Armour
 - Level 0.6 Dodging
 - Level 1.5 Spellcasting
 - Level 2.6 Charms


You had 8 spell levels left.
You knew the following spells:

 Your Spells              Type           Power        Failure   Level  Hunger
a - Infusion              Chrm           #...         17%         1    ##.....


Dungeon Overview and Level Annotations

Branches:
Dungeon (7/15)
 Temple: D:4-7

Altars:
Ashenzari
Elyvilon
Fedhas
Makhleb
Nemelex Xobeh
Pakellas
Ru
Xom
Yredelemnul
The Shining One

Shops:
D:4 !

Annotations:
D:3 M4edhros's ghost, weakling OpAr
D:5 Menkaure


Innate Abilities, Weirdness & Mutations

((You have hooves in place of feet.))
((Armour fits poorly on your strangely shaped body.))
((You cover ground very quickly.))
((You have extremely tough skin (AC +3).))


Message History

The centaur is severely wounded.
The centaur hits you with a shortbow.
* * * LOW HITPOINT WARNING * * *
You hit the centaur but do no damage.
The centaur is severely wounded.
The centaur hits you but does no damage.
The centaur unwields an uncursed shortbow.
You block the centaur's attack.
You hit the centaur.
The centaur is severely wounded.
You block the centaur's attack. The centaur hits you.
* * * LOW HITPOINT WARNING * * *
Drink which item? (? for menu, Esc to quit)
Okay, then.
Unknown command.
You hit the centaur but do no damage.
The centaur is severely wounded.
The centaur hits you but does no damage.
The centaur hits you.
You die...

#############........
#...........#........
#.....$.....#........
#...........#........
+..........('........
#.........((#........
#...........#....)...
#....c(.....#........
#...♣.......#########
#..c......?.#
############# #####
#...#


You could see 2 centaurs.

Vanquished Creatures
  A sky beast (D:5)
  An ogre (D:4)
  A scorpion (D:4)
  A crimson imp (D:5)
  The ghost of M4edhros the Grave Robber, a weakling OpNe (D:4)
  2 orc priests
  A gnoll shaman (D:5)
  5 orc wizards
  Ijyb (D:2)
  Natasha (twice) (D:2)
  2 worker ants (D:6)
  A howler monkey zombie (D:5)
  2 worker ant zombies
  5 adders
  6 gnolls
  2 shadow imps
  4 oozes
  A worm (D:3)
  4 dart slugs
  5 giant geckos
  21 orcs
  2 giant cockroaches (D:2)
  3 goblins
  4 hobgoblins
  20 jackals
  5 quokkas
  4 ball pythons
  9 bats
  3 giant newts
  A jackal skeleton (D:6)
  6 kobolds
  5 rats
131 creatures vanquished.

Notes
Turn   | Place    | Note
--------------------------------------------------------------
     0 | D:1      | taran the Centaur Skald began the quest for the Orb.
     0 | D:1      | Reached XP level 1. HP: 17/17 MP: 3/3
    75 | D:1      | Reached skill level 2 in Polearms
   398 | D:1      | Reached XP level 2. HP: 21/24 MP: 4/4
   718 | D:1      | Reached skill level 3 in Polearms
   926 | D:1      | Reached XP level 3. HP: 29/29 MP: 5/5
  1290 | D:2      | Found a shattered altar of Ashenzari.
  1481 | D:2      | Found a glowing golden altar of the Shining One.
  1721 | D:2      | Reached skill level 4 in Polearms
  1721 | D:2      | Reached XP level 4. HP: 23/36 MP: 2/6
  1843 | D:2      | Noticed Natasha
  1857 | D:2      | Killed Natasha
  2476 | D:2      | Became a worshipper of Ashenzari the Shackled
  2683 | D:2      | Reached XP level 5. HP: 30/41 MP: 7/7
  2706 | D:2      | Noticed Natasha
  3035 | D:2      | Killed Natasha
  3035 | D:2      | Reached skill level 5 in Polearms
  3093 | D:3      | Noticed Ijyb
  3108 | D:2      | Killed Ijyb
  3390 | D:3      | Found a white marble altar of Elyvilon.
  3603 | D:3      | Noticed M4edhros's ghost (weakling OpAr)
  3742 | D:3      | Reached XP level 6. HP: 44/48 MP: 8/8
  4078 | D:3      | Found a blossoming altar of Fedhas.
  4248 | D:3      | Found a basalt altar of Yredelemnul.
  4729 | D:3      | Reached skill level 6 in Polearms
  4909 | D:4      | Noticed M4edhros's ghost (weakling OpNe)
  4925 | D:4      | Killed M4edhros's ghost
  5043 | D:4      | Found Heqifaown's Distillery.
  5051 | D:4      | Bought a potion of heal wounds for 60 gold pieces
  5248 | D:4      | Bought a potion of haste for 120 gold pieces
  5306 | D:4      | Reached * piety under Ashenzari
  5544 | D:5      | Entered Level 5 of the Dungeon
  5606 | D:5      | Reached skill level 7 in Polearms
  5606 | D:5      | Reached XP level 7. HP: 55/55 MP: 9/9
  5680 | D:5      | Noticed Menkaure
  6038 | D:5      | Found a burning altar of Makhleb.
  6038 | D:5      | Found an oddly glowing altar of Pakellas.
  6153 | D:5      | Found a shimmering altar of Xom.
  6879 | D:5      | Reached skill level 8 in Polearms
  7208 | D:6      | Found a sparkling altar of Nemelex Xobeh.
  7208 | D:6      | Found a sacrificial altar of Ru.
  7629 | D:7      | Noticed a hungry ghost
  7679 | D:6      | HP: 4/82 [centaur/shortbow (3)]
  7682 | D:6      | Slain by a centaur

Skill      XL: |  1  2  3  4  5  6  7 |
---------------+----------------------+-----
Polearms       | 2 3 4 5 7 8 |  8.5
Fighting       | |  2.0
Armour         | |  0.6
Dodging        | |  0.6
Spellcasting   | |  1.5
Charms         | |  2.6

Action                   |  1- 3 |  4- 6 |  7- 9 || total
-------------------------+-------+-------+-------++-------
Melee: Spear             |   161 |   408 |   340 ||   909
       Kick              |    19 |    59 |    64 ||   142
Throw: Stone             |    22 |    35 |    20 ||    77
 Cast: Infusion          |     3 |     3 |     1 ||     7
Invok: Curse Item        |       |     5 |       ||     5
  Use: Scroll            |       |     4 |     1 ||     5
       Potion            |       |       |     4 ||     4
 Stab: Invisible         |       |       |     3 ||     3
  Eat: Chunk             |     1 |    11 |     4 ||    16
       Beef jerky        |       |       |     1 ||     1
Armor: Leather armour    |    37 |    88 |    80 ||   205
       Skin              |       |       |     7 ||     7
Dodge: Dodged            |    43 |    87 |    66 ||   196
Block: Buckler           |       |    34 |    29 ||    63
